 Dungeon Crawl Stone Soup version 0.24.0-35-gdb84b6a5db (webtiles) character file.

Game seed: 16227805186626370106, levelgen mode: deterministic

162 Nattfarinn the Changer (level 5, -6/33 HPs)
             Began as an Octopode Transmuter on Nov 20, 2019.
             Mangled by a worm (10 damage)
             ... on level 3 of the Dungeon.
             The game lasted 00:04:36 (3057 turns).

Nattfarinn the Changer (Octopode Transmuter)        Turns: 3057, Time: 00:04:37

Health: -6/33      AC:  2    Str: 10    XL:     5   Next: 43%
Magic:  5/8        EV: 21    Int: 15    God:
Gold:   66         SH:  0    Dex: 18    Spells: 0/8 levels left

rFire    . . .     SeeInvis +     - Unarmed
rCold    . . .     Gourm    .   (shield currently unavailable)
rNeg     . . .     Faith    .   (helmet currently unavailable)
rPois    x         Spirit   .   (no amulet)
rElec    .         Reflect  .   h - ring of see invisible
rCorr    .         Harm     .   (no ring)
MR       .....                  (no ring)
Stlth    ++........             (no ring)
HPRegen  0.11/turn              (no ring)
MPRegen  0.11/turn              (no ring)
                                (no ring)
                                (no ring)

@: spider-form
A: tiny, almost no armour, stealthy swim, (amphibious), 8 rings, (constrict 8)
a: End Transformation


You were on level 3 of the Dungeon.
You were not hungry.
You were a venomous arachnid creature.
You visited 1 branch of the dungeon, and saw 3 of its levels.

You collected 66 gold pieces.

Inventory:

Hand Weapons
 j - a +1 dagger of draining (melded)
Missiles
 a - 12 arrows
Jewellery
 h - a ring of see invisible (left front leg)
Scrolls
 b - 2 scrolls of enchant weapon {unknown}
 e - a scroll of noise {unknown}
 f - 4 scrolls of identify {unknown}
 l - a scroll of remove curse {unknown}
 m - a scroll of amnesia {unknown}
Potions
 d - 3 potions of berserk rage {unknown}
 g - a potion of mutation {unknown}
 i - a potion of curing {unknown}
 k - 2 potions of invisibility {unknown}
 n - a potion of heal wounds {unknown}
 o - a potion of agility {unknown}
Comestibles
 c - 3 rations


   Skills:
 - Level 1.0 Fighting
 + Level 3.4 Dodging
 - Level 3.0 Unarmed Combat
 - Level 2.0 Spellcasting
 * Level 4.5 Transmutations
 + Level 0.4 Ice Magic


You couldn't memorise any spells.
You knew the following spells:

 Your Spells              Type           Power        Failure   Level  Hunger
a - Beastly Appendage     Tmut           ###...       12%         1    #......
b - Spider Form           Tmut/Pois      #.........   47%         3    ###....
c - Ice Form              Ice/Tmut       #.......     80%         4    #####..

Your spell library contained the following spells:

 Spells                   Type           Power        Failure   Level  Hunger
 Sticks to Snakes         Tmut           ###.....     16%         2    ###....
 Blade Hands              Tmut           ###.......   85%         5    ######.


Dungeon Overview and Level Annotations

Branches:
Dungeon (3/15)

Altars:
Dithmenos
Qazlal
Sif Muna


Innate Abilities, Weirdness & Mutations

You cannot wear most types of armour.
You are very stealthy in the water. (Stealth+)
((You are amphibious.))
You can wear up to eight rings at the same time.
((You can use your tentacles to constrict eight enemies at once.))
((Your skin changes colour to match your surroundings (Stealth+).))
((Your rubbery body absorbs attacks. (AC +1, EV +1)))


Message History

Casting: Spider Form (safe; 26% risk of failure)
Confirm with . or Enter, or press ? or * to list all spells.
You turn into a venomous arachnid creature.
Your +1 dagger of draining melds into your body.
The orc completely misses you.
You hit the orc.
The orc is poisoned.
The orc is moderately wounded.
You hit the orc.
The orc looks as sick as possible!
The orc is almost dead.
You kill the orc!
You hit the worm.
The worm is poisoned.
The worm is moderately wounded.
You hit the worm.
The worm is heavily wounded.
The worm bites you!
* * * LOW HITPOINT WARNING * * *
You bite the worm!
The worm looks as sick as possible!
The worm is almost dead.
The worm bites you!
You die...

#.###...##...
#.#.+...+....
#.#.#...##### #.#.#...#
#.#.#...## ## #######
#.#.#....# #. .......
#...#....# #.
......)#######.รท.....###.
.......ws....'.......'.'.
.......#######.......###.
....... #...>...####
###...w #........... ###..
########.... #.. #.... #..
#...( #.. ##### ##


You could see a worm.

Vanquished Creatures
  2 orc wizards (D:3)
  3 adders (D:2)
  A worm (D:2)
  2 dart slugs
  4 leopard geckos
  4 orcs (D:3)
  A ball python (D:3)
  4 giant cockroaches
  4 goblins
  10 hobgoblins
  9 jackals
  8 kobolds
  2 bats
  2 frilled lizards
  3 rats
59 creatures vanquished.

Notes
Turn   | Place    | Note
-------+----------+-------------------------------------------
     0 | D:1      | Nattfarinn the Octopode Transmuter began the quest for the
                  | Orb.
     0 | D:1      | Reached XP level 1. HP: 13/13 MP: 3/3
   327 | D:1      | Reached XP level 2. HP: 11/18 MP: 5/5
  1135 | D:1      | Reached skill level 3 in Transmutations
  1155 | D:1      | Reached XP level 3. HP: 22/23 MP: 6/6
  1160 | D:1      | Learned a level 3 spell: Spider Form
  1271 | D:2      | Found a shadowy altar of Dithmenos.
  1694 | D:2      | Reached XP level 4. HP: 16/28 MP: 4/7
  2482 | D:3      | Reached skill level 4 in Transmutations
  2483 | D:3      | Reached XP level 5. HP: 30/33 MP: 4/8
  2806 | D:3      | Learned a level 4 spell: Ice Form
  2806 | D:3      | Found a stormy altar of Qazlal.
  2943 | D:3      | Found a shimmering blue altar of Sif Muna.
  3057 | D:3      | Mangled by a worm

Levels and vault maps discovered:
D:1:      matt_arrival_spirals, layout_basic
D:2:      layout_rooms, grunt_dithmenos_smoke_and_mirrors, first_ration
D:3:      layout_basic, lemuel_blue_sif_altar, old_standard_altar,
          lemuel_round_altar, kennysheep_slug_shrine

Skill      XL: |  1  2  3  4 |
---------------+-------------+-----
Transmutations | 3 4 |  4.5
Dodging        | 3 |  3.4
Fighting       | |  1.0
Unarmed Combat | |  3.0
Spellcasting   | |  2.0
Ice Magic      | |  0.4

Action                   |  1- 3 |  4- 6 || total
-------------------------+-------+-------++-------
Melee: Unarmed           |    93 |    18 ||   111
       Constrict         |    16 |    12 ||    28
       Tentacles         |     5 |     9 ||    14
       Dagger            |       |    44 ||    44
       Punch             |       |     1 ||     1
 Cast: Spider Form       |     4 |     4 ||     8
 Stab: Sleeping          |     4 |     2 ||     6
  Eat: Chunk             |     3 |     5 ||     8
Armor: Skin              |     4 |     3 ||     7
Dodge: Dodged            |    65 |    40 ||   105
